MID
CLINTON LUMBERKINGS @ BURLINGTON BEES
08/17/2099
 
TOP OF THE 1ST
Clinton LumberKings batting - Pitching for Burlington Bees : RHP Mike Felts
Pitching: RHP Mike Felts
Batting: RHB Willie Barrela 0-0: Foul Ball, location: 5F
0-1: Called Strike
0-2: Strikes out swinging
Batting: RHB Paul Nichols 0-0: Fly out, F9 (Line Drive, 89S, EV 90.0 MPH)
Batting: LHB William Currea 0-0: SOLO HOME RUN (Flyball, 89XD, EV 108.8 MPH), Distance : 401 ft
Batting: LHB Ramon Boche 0-0: Ball
1-0: Ball
2-0: Foul Ball, location: 9LMF
2-1: Called Strike
2-2: SINGLE (Groundball, 4D, EV 97.5 MPH)
Batting: RHB Manuel Villa 0-0: Foul Ball, location: 9LMF
0-1: Fly out, F4 (Popup, 34, EV 56.3 MPH)
Top of the 1st over - 1 run, 2 hits, 0 errors, 1 left on base; Clinton 1 - Burlington 0
BOTTOM OF THE 1ST
Burlington Bees batting - Pitching for Clinton LumberKings : RHP Emilio Fioravanti
Pitching: RHP Emilio Fioravanti
Batting: RHB Dave Chaparro 0-0: Foul Ball, location: 25FF
0-1: Ball
1-1: DOUBLE (Groundball, 5L, EV 101.9 MPH)
Batting: RHB Chris Phillips 0-0: Called Strike
0-1: Called Strike
0-2: Strikes out looking
Batting: LHB Danny O'Rear 0-0: Called Strike
0-1: SINGLE (Line Drive, 8RS, EV 100.0 MPH)
Dave Chaparro to third
Runner from 3rd tries for Home, SAFE, throw by CF to home
Batting: LHB John Stevens 0-0: Ball
1-0: Ball
2-0: Ball
3-0: Base on Balls
Danny O'Rear to second
Batting: LHB Bill Friedman 0-0: Ball
1-0: Ball
2-0: Ball
Wild Pitch!
Danny O'Rear to third
John Stevens to second
3-0: Base on Balls
Batting: LHB Matt Cohen 0-0: Ball
1-0: Ball
2-0: Called Strike
2-1: Foul Ball, location: 7LSF
2-2: Fly out, F9 (Flyball, 9S, EV 83.1 MPH)
Batting: RHB Jason Glennon 0-0: Called Strike
0-1: Ball
1-1: Foul Ball, location: 2LF
1-2: Foul Ball, location: 23FF
1-2: Ball
2-2: Foul Ball, location: 2F
2-2: Ball
3-2: SINGLE (Flyball, 8LS, EV 90.6 MPH)
Danny O'Rear scores
John Stevens to third
Bill Friedman to second
John Stevens scores
Bill Friedman to third
Batting: RHB Alex Castaneda 0-0: Ball
1-0: Fly out, F4 (Popup, 4S, EV 75.0 MPH)
Bottom of the 1st over - 3 runs, 3 hits, 0 errors, 2 left on base; Clinton 1 - Burlington 3
TOP OF THE 2ND
Clinton LumberKings batting - Pitching for Burlington Bees : RHP Mike Felts
Batting: RHB Ken Garner 0-0: Ball
1-0: Ball
2-0: Called Strike
2-1: Ball
3-1: Fly out, F9 (Flyball, 9, EV 81.3 MPH)
Batting: RHB Victor Ramirez 0-0: Ball
1-0: Ball
2-0: SINGLE (Line Drive, 34D, EV 106.3 MPH)
Batting: RHB Ken Loes 0-0: Ball
1-0: Called Strike
1-1: Foul Ball, location: 9LSF
1-2: Ball
2-2: Ball
3-2: SINGLE (Line Drive, 56, EV 105.6 MPH)
Victor Ramirez to second
Batting: RHB Sean Flora 0-0: Ball
1-0: Ball
2-0: Called Strike
2-1: Fly out, F8 (Flyball, 89M, EV 83.8 MPH)
Batting: RHB Willie Barrela 0-0: Ball
1-0: SINGLE (Line Drive, 9LS, EV 98.1 MPH)
Victor Ramirez to third
Ken Loes to second
Batting: RHB Paul Nichols 0-0: Ground out U3 (Groundball, 3L, EV 83.8 MPH)
Top of the 2nd over - 0 runs, 3 hits, 0 errors, 3 left on base; Clinton 1 - Burlington 3
BOTTOM OF THE 2ND
Burlington Bees batting - Pitching for Clinton LumberKings : RHP Emilio Fioravanti
Batting: SHB Pat Watson 0-0: Ball
1-0: Fly out, F8 (Flyball, 78M, EV 90.6 MPH)
Batting: RHB Dave Chaparro 0-0: Ball
1-0: Ball
2-0: Fly out, F8 (Line Drive, 8LM, EV 92.5 MPH)
Batting: RHB Chris Phillips 0-0: Ball
1-0: Called Strike
1-1: Called Strike
1-2: Foul Ball, location: 2F
1-2: Ball
2-2: Strikes out swinging
Bottom of the 2nd over - 0 runs, 0 hits, 0 errors, 0 left on base; Clinton 1 - Burlington 3
TOP OF THE 3RD
Clinton LumberKings batting - Pitching for Burlington Bees : RHP Mike Felts
Batting: LHB William Currea 0-0: Foul Ball, location: 2F
0-1: Ground out 4-3 (Groundball, 4, EV 85.6 MPH)
Batting: LHB Ramon Boche 0-0: Ball
1-0: Swinging Strike
1-1: Ground out 4-3 (Groundball, 4S, EV 63.1 MPH)
Batting: RHB Manuel Villa 0-0: Foul Ball, location: 2RF
0-1: Ball
1-1: Ball
2-1: Foul Ball, location: 2F
2-2: Ball
3-2: Foul Ball, location: 9LMF
3-2: Foul Ball, location: 7LDF
3-2: Base on Balls
Batting: RHB Ken Garner 0-0: Called Strike
0-1: Called Strike
0-2: Ball
1-2: Fly out, F8 (Flyball, 89M, EV 98.1 MPH)
Top of the 3rd over - 0 runs, 0 hits, 0 errors, 1 left on base; Clinton 1 - Burlington 3
BOTTOM OF THE 3RD
Burlington Bees batting - Pitching for Clinton LumberKings : RHP Emilio Fioravanti
Batting: LHB Danny O'Rear 0-0: Called Strike
0-1: Ball
1-1: Fly out, F9 (Flyball, 89S, EV 91.3 MPH)
Batting: LHB John Stevens 0-0: Hit by Pitch
Batting: LHB Bill Friedman 0-0: Called Strike
0-1: Hit by Pitch
John Stevens to second
Batting: LHB Matt Cohen 0-0: Fly out, F4 (Popup, 34S, EV 85.6 MPH)
Batting: RHB Jason Glennon 0-0: Ground out 5-3 (Groundball, 5S, EV 85.0 MPH)
Bottom of the 3rd over - 0 runs, 0 hits, 0 errors, 2 left on base; Clinton 1 - Burlington 3
TOP OF THE 4TH
Clinton LumberKings batting - Pitching for Burlington Bees : RHP Mike Felts
Batting: RHB Victor Ramirez 0-0: Ball
1-0: Swinging Strike
1-1: Foul Ball, location: 25F
1-2: Ball
2-2: Foul Ball, location: 9LDF
2-2: Foul Ball, location: 2F
2-2: Ball
3-2: Base on Balls
Batting: RHB Ken Loes 0-0: Fielders Choice at 2nd, 4-6 (Groundball, 34, EV 81.3 MPH)
Batting: RHB Sean Flora 0-0: Ball
1-0: Called Strike
1-1: Swinging Strike
1-2: Fielders Choice at 2nd, 2-4 (Groundball, 15S, EV 69.4 MPH)
Batting: RHB Willie Barrela 0-0: Called Strike
0-1: Swinging Strike
0-2: Foul Ball, location: 2F
0-2: Foul Ball, location: 2F
0-2: Strikes out swinging
Top of the 4th over - 0 runs, 0 hits, 0 errors, 1 left on base; Clinton 1 - Burlington 3
BOTTOM OF THE 4TH
Burlington Bees batting - Pitching for Clinton LumberKings : RHP Emilio Fioravanti
Batting: RHB Alex Castaneda 0-0: Ball
1-0: Swinging Strike
1-1: Ball
2-1: Swinging Strike
2-2: Foul Ball, location: 2RF
2-2: Ball
3-2: Foul Ball, location: 2LF
3-2: Ground out 6-3 (Groundball, 56, EV 84.4 MPH)
Batting: SHB Pat Watson 0-0: Ball
1-0: Ball
2-0: Fly out, F3 (Line Drive, 3L, EV 72.5 MPH)
Batting: RHB Dave Chaparro 0-0: Ground out 6-3 (Groundball, 6, EV 88.8 MPH)
Bottom of the 4th over - 0 runs, 0 hits, 0 errors, 0 left on base; Clinton 1 - Burlington 3
TOP OF THE 5TH
Clinton LumberKings batting - Pitching for Burlington Bees : RHP Mike Felts
Batting: RHB Paul Nichols 0-0: Foul Ball, location: 5F
0-1: Ball
1-1: Foul Ball, location: 2F
1-2: Ball
2-2: Foul Ball, location: 9LSF
2-2: Foul Ball, location: 7LSF
2-2: SINGLE (Line Drive, 3D, EV 104.4 MPH)
Batting: LHB William Currea 0-0: Called Strike
0-1: DOUBLE (Line Drive, 7LM, EV 98.8 MPH)
Paul Nichols to third
Batting: LHB Ramon Boche 0-0: Called Strike
0-1: SINGLE (Line Drive, 8LS, EV 103.1 MPH)
Paul Nichols scores
William Currea to third
Runner from 3rd tries for Home, SAFE, throw by CF to home
Batting: RHB Manuel Villa 0-0: Ball
1-0: Foul Ball, location: 25FF
1-1: Foul Ball, location: 3SF
1-2: Foul Ball, location: 9LSF
1-2: Grounds into double play, 4-6-3 (Groundball, 13, EV 86.9 MPH)
Batting: RHB Ken Garner 0-0: Called Strike
0-1: Fly out, F4 (Popup, 4MD, EV 53.8 MPH)
Top of the 5th over - 2 runs, 3 hits, 0 errors, 0 left on base; Clinton 3 - Burlington 3
BOTTOM OF THE 5TH
Burlington Bees batting - Pitching for Clinton LumberKings : RHP Emilio Fioravanti
Batting: RHB Chris Phillips 0-0: Foul Ball, location: 23F
0-1: Ball
1-1: Foul Ball, location: 2F
1-2: Ground out 6-3 (Groundball, 6, EV 82.5 MPH)
Batting: LHB Danny O'Rear 0-0: Called Strike
0-1: Ball
1-1: Ball
2-1: Foul Ball, location: 7LSF
2-2: Ball
3-2: Strikes out swinging
Batting: LHB John Stevens 0-0: Ball
1-0: Ball
2-0: Swinging Strike
2-1: Called Strike
2-2: Foul Ball, location: 2F
2-2: Foul Ball, location: 9LMFF
2-2: Strikes out swinging
Bottom of the 5th over - 0 runs, 0 hits, 0 errors, 0 left on base; Clinton 3 - Burlington 3
TOP OF THE 6TH
Clinton LumberKings batting - Pitching for Burlington Bees : RHP Mike Felts
Batting: RHB Victor Ramirez 0-0: Ball
1-0: Ground out 1-3 (Groundball, 13S, EV 68.1 MPH)
Batting: RHB Ken Loes 0-0: Called Strike
0-1: Ball
1-1: Fly out, F1 (Popup, 13, EV 72.5 MPH)
Batting: RHB Sean Flora 0-0: Called Strike
0-1: SINGLE (Flyball, 6MD, EV 90.0 MPH)
Batting: RHB Willie Barrela 0-0: Ball
1-0: Ball
2-0: Ball
3-0: Base on Balls
Sean Flora to second
Batting: RHB Paul Nichols 0-0: Fly out, F7 (Line Drive, 7, EV 104.4 MPH)
Top of the 6th over - 0 runs, 1 hit, 0 errors, 2 left on base; Clinton 3 - Burlington 3
BOTTOM OF THE 6TH
Burlington Bees batting - Pitching for Clinton LumberKings : RHP Emilio Fioravanti
Batting: LHB Bill Friedman 0-0: Ball
1-0: Fly out, F7 (Flyball, 7LM, EV 76.9 MPH)
Batting: LHB Matt Cohen 0-0: Called Strike
0-1: Ball
1-1: Fly out, F8 (Flyball, 8LD, EV 107.5 MPH)
Batting: RHB Jason Glennon 0-0: Foul Ball, location: 9LMF
0-1: Ball
1-1: Ball
2-1: Ball
3-1: Foul Ball, location: 9LSFF
3-2: Base on Balls
Pitching: RHP Bartolomeo Guistiniani
Batting: RHB Alex Castaneda 0-0: Called Strike
0-1: Foul Ball, location: 2F
0-2: Ball
1-2: Strikes out looking
Bottom of the 6th over - 0 runs, 0 hits, 0 errors, 1 left on base; Clinton 3 - Burlington 3
TOP OF THE 7TH
Clinton LumberKings batting - Pitching for Burlington Bees : RHP Mike Felts
Batting: LHB William Currea 0-0: Ball
1-0: Foul Ball, location: 2LF
1-1: Ground out 5-3 (Groundball, 5, EV 77.5 MPH)
Batting: LHB Ramon Boche 0-0: Called Strike
0-1: Called Strike
0-2: Strikes out swinging
Batting: RHB Manuel Villa 0-0: Ball
1-0: Ball
2-0: Ball
3-0: Base on Balls
Batting: RHB Ken Garner 0-0: Ball
1-0: SINGLE (Line Drive, 8LS, EV 87.5 MPH)
Manuel Villa to second
Batting: RHB Victor Ramirez 0-0: Fly out, F8 (Flyball, 8RD, EV 106.3 MPH)
Top of the 7th over - 0 runs, 1 hit, 0 errors, 2 left on base; Clinton 3 - Burlington 3
BOTTOM OF THE 7TH
Burlington Bees batting - Pitching for Clinton LumberKings : RHP Bartolomeo Guistiniani
Batting: SHB Pat Watson 0-0: Ball
1-0: Ball
2-0: Called Strike
2-1: Ball
3-1: Swinging Strike
3-2: Foul Ball, location: 2LF
3-2: Strikes out swinging
Batting: RHB Dave Chaparro 0-0: Ground out 5-3 (Groundball, 56, EV 83.8 MPH)
Batting: RHB Chris Phillips 0-0: Ball
1-0: Ball
2-0: Fly out, F9 (Flyball, 89M, EV 80.0 MPH)
Bottom of the 7th over - 0 runs, 0 hits, 0 errors, 0 left on base; Clinton 3 - Burlington 3
TOP OF THE 8TH
Clinton LumberKings batting - Pitching for Burlington Bees : RHP Mike Felts
Pitching: RHP Jon Money
Pinch Hitting: SHB Brent Manske 0-0: Called Strike
0-1: Swinging Strike
0-2: Ball
1-2: Ball
2-2: Strikes out swinging
Pinch Hitting: SHB Javy Flores 0-0: Ball
1-0: Ball
2-0: Foul Ball, location: 25F
2-1: Ground out 6-3 (Groundball, P, EV 87.5 MPH)
Pinch Hitting: LHB David McDonald 0-0: Ball
1-0: Ground out 4-3 (Groundball, 4, EV 104.4 MPH)
Top of the 8th over - 0 runs, 0 hits, 0 errors, 0 left on base; Clinton 3 - Burlington 3
BOTTOM OF THE 8TH
Burlington Bees batting - Pitching for Clinton LumberKings : RHP Bartolomeo Guistiniani
Pitching: LHP Pete Hanzel
Now at C: Edwin Droz
Now at 2B: Ken Garner
Now at 3B: David McDonald
Now at SS: Brent Manske
Batting: LHB Danny O'Rear 0-0: Swinging Strike
0-1: Foul Ball, location: 5FF
0-2: Foul Ball, location: 3F
0-2: Ball
1-2: Strikes out swinging
Batting: LHB John Stevens 0-0: Ball
1-0: Called Strike
1-1: Swinging Strike
1-2: Ball
2-2: Ball
3-2: Strikes out looking
Batting: LHB Bill Friedman 0-0: Ball
1-0: Called Strike
1-1: Swinging Strike
1-2: Fly out, F7 (Flyball, 7LSF, EV 95.0 MPH)
Bottom of the 8th over - 0 runs, 0 hits, 0 errors, 0 left on base; Clinton 3 - Burlington 3
TOP OF THE 9TH
Clinton LumberKings batting - Pitching for Burlington Bees : RHP Jon Money
Batting: RHB Paul Nichols 0-0: Ball
1-0: Foul Ball, location: 9LDF
1-1: Swinging Strike
1-2: SINGLE (Line Drive, 56D, EV 110.6 MPH)
Batting: LHB William Currea 0-0: Swinging Strike
0-1: Called Strike
0-2: SINGLE (Groundball, 4, EV 99.4 MPH)
Paul Nichols to second
Batting: LHB Ramon Boche 0-0: SINGLE (Line Drive, 56D, EV 96.3 MPH)
Paul Nichols to third
William Currea to second
Runner from 3rd tries for Home, SAFE, throw by LF to home
Batting: RHB Manuel Villa 0-0: Swinging Strike
0-1: Called Strike
0-2: Ball
1-2: Strikes out swinging
Batting: RHB Ken Garner 0-0: Ball
1-0: Ground out U3 (Groundball, 3S, EV 89.4 MPH)
William Currea to third
Ramon Boche to second
Batting: RHB Victor Ramirez 0-0: Ball
1-0: Fly out, F8 (Flyball, 8RD, EV 91.3 MPH)
Top of the 9th over - 1 run, 3 hits, 0 errors, 2 left on base; Clinton 4 - Burlington 3
BOTTOM OF THE 9TH
Burlington Bees batting - Pitching for Clinton LumberKings : LHP Pete Hanzel
Batting: RHB Jon Kren 0-0: Ball
1-0: Ball
2-0: Ball
3-0: Base on Balls
Batting: RHB Jason Glennon 0-0: Ball
1-0: Ball
2-0: Called Strike
2-1: Fly out, F8 (Flyball, 8RM, EV 86.3 MPH)
Batting: RHB Alex Castaneda 0-0: Grounds into double play, 4-6-3 (Groundball, 34, EV 88.8 MPH)
Bottom of the 9th over - 0 runs, 0 hits, 0 errors, 0 left on base; Clinton 4 - Burlington 3
Tuesday, May 14th , 2024 - OOTP Baseball 24.11 Build 85